 Dungeon Crawl Stone Soup version 0.30.1 (webtiles) character file.

Game seed: 4096982968449821852

36572 FallenXxXSky the Fencer (level 14, 0/108 HPs)
             Began as a Human Monk on July 8, 2023.
             Was the Champion of Okawaru.
             Slain by a skyshark (12 damage)
             ... on level 5 of the Lair of Beasts.
             The game lasted 00:29:03 (16494 turns).

FallenXxXSky the Fencer (Human Monk)               Turns: 16494, Time: 00:29:05

Health: 0/108      AC: 24    Str: 16    XL:     14   Next: 24%
Magic:  21/21      EV: 15    Int: 11    God:    Okawaru [******]
Gold:   726        SH:  0    Dex: 22    Spells: 13/13 levels left

rFire   + . .        I - +0 great sword (freeze)
rCold   . . .        (shield currently unavailable)
rNeg    + + .        s - +4 scale mail {rN+}
rPois   .            B - +0 helmet
rElec   .            K - +1 cloak
rCorr   .            g - +2 pair of gloves
SInv    .            Q - +0 pair of boots
Will    +....        v - amulet "Hudocir" {Faith rF+ rN+ Stlth+}
Stlth   +            C - +4 ring of protection
HPRegen 0.38/turn    z - +6 ring of dexterity
MPRegen 0.17/turn

%: faith
@: about to teleport
A: no striking features
a: Renounce Religion, Heroism, Finesse, Duel


You were on level 5 of the Lair of Beasts.
You worshipped Okawaru.
Okawaru was exalted by your worship.
You visited 4 branches of the dungeon, and saw 16 of its levels.
You also visited: Sewer.

You collected 739 gold pieces.
You spent 13 gold pieces at shops.

Inventory:

Hand Weapons
 I - a +0 great sword of freezing (weapon)
Missiles
 b - 2 throwing nets (quivered)
Armour
 g - a +2 pair of gloves (worn)
 s - a +4 scale mail of positive energy (worn)
 B - a +0 helmet (worn)
 K - a +1 cloak (worn)
 Q - a +0 pair of boots (worn)
 R - a +0 plate armour
Jewellery
 e - a ring of protection from cold
 v - the amulet "Hudocir" (around neck) {Faith rF+ rN+ Stlth+}
   (You found it on level 3 of the Dungeon)

   [amulet of faith]

   It allows you to gain divine favour quickly.
   rF:        It protects you from fire.
   rN:        It protects you from negative energy.
   Stlth:     It makes you more stealthy.
 y - a ring of ice
 z - a +6 ring of dexterity (right hand)
 C - a +4 ring of protection (left hand)
 F - the ring "Nygit" {rF+ MP+9 SInv}
   (You took it off a gnoll bouda on level 5 of the Dungeon)

   [ring of magical power]

   rF:        It protects you from fire.
   MP:        It affects your magic capacity (+9).
   SInv:      It lets you see invisible.
 O - a ring of willpower
Wands
 f - a wand of roots (22)
 H - a wand of polymorph (9)
 N - a wand of digging (10)
Scrolls
 d - a scroll of fog
 h - 3 scrolls of poison
 i - 2 scrolls of identify
 j - 2 scrolls of fear
 k - 3 scrolls of enchant armour
 n - a scroll of summoning
 o - 4 scrolls of enchant weapon
 t - 2 scrolls of silence
 x - 5 scrolls of teleportation
 A - a scroll of immolation
 E - 6 scrolls of vulnerability
 L - 3 scrolls of blinking
Potions
 a - 2 potions of flight
 c - 4 potions of ambrosia
 l - 2 potions of heal wounds
 m - 2 potions of berserk rage
 q - 2 potions of brilliance
 u - 6 potions of curing
 D - a potion of attraction {unknown}
 G - a potion of haste
 J - 4 potions of magic
 M - 2 potions of invisibility {unknown}


   Skills:
 + Level 9.5 Fighting
 - Level 16.1 Long Blades
 + Level 8.3 Armour
 + Level 8.9 Dodging
 + Level 10.3 Invocations


You had 13 spell levels left.
You didn't know any spells.
Your spell library contained the following spells:

 Spells                   Type           Power      Damage    Failure   Level
 Apportation              Tloc           0%         N/A       71%         1
 Kiss of Death            Conj/Necr      0%         2d5       71%         1
 Blink                    Tloc           0%         N/A       85%         2
 Ensorcelled Hibernation  Hex/Ice        0%         N/A       85%         2
 Confusing Touch          Hex            0%         N/A       97%         3
 Gell's Gravitas          Tloc           0%         N/A       97%         3
 Hailstorm                Conj/Ice       0%         3d3       97%         3
 Ignite Poison            Fire/Tmut/Pois 0%         N/A       97%         3
 Spider Form              Tmut/Pois      0%         N/A       97%         3
 Teleport Other           Tloc           0%         N/A       97%         3
 Vhi's Electric Charge    Tloc/Air       0%         N/A       97%         3
 Anguish                  Hex/Necr       0%         N/A       100%        4
 Dispel Undead            Necr           0%         3d6       100%        4
 Ice Form                 Ice/Tmut       0%         N/A       100%        4
 Manifold Assault         Tloc           0%         N/A       100%        4
 Sticky Flame             Conj/Fire      0%         2d3       100%        4
 Alistair's Intoxication  Tmut/Pois      0%         N/A       100%        5
 Arcjolt                  Conj/Air       0%         1d10      100%        5
 Dispersal                Tloc           0%         N/A       100%        6
 Plasma Beam              Fire/Air       0%         2x1d11    100%        6
 Orb of Destruction       Conj           0%         9d5       100%        7
 Storm Form               Tmut/Air       0%         N/A       100%        7
 Ignition                 Fire           0%         3d3       100%        8
 Summon Guardian Golem    Hex/Summ       Unusable   N/A       N/A         3
 Simulacrum               Ice/Necr       Unusable   N/A       N/A         6
 Spellforged Servitor     Conj/Summ      Unusable   N/A       N/A         7

Dungeon Overview and Level Annotations

Branches:
Dungeon (9/15)             Temple (1/1) D:6            Lair (5/5) D:8
  Swamp (1/4) Lair:2        Snake (0/4) Lair:3        Slime (0/5) Lair:4
  Sewer (visited)
    Orc: D:9-12

Altars:
Ashenzari
Cheibriados
Dithmenos
Elyvilon
Gozag
Hepliaklqana
Kikubaaqudgha
Makhleb
Nemelex Xobeh
Okawaru
Qazlal
Sif Muna
Trog
Uskayaw
Vehumet
Wu Jian
Xom
Yredelemnul
Zin
The Shining One
Jiyva

Shops:
D:2 !


Message History

The wind drake flaps its wings at you. The air twists around and strikes you.
The skyshark bites you!
The skyshark enters a blood-rage!
The skyshark tail-slaps you but does no damage.
The skyshark tail-slaps you.
You are too injured to fight recklessly!
You are too injured to fight recklessly!
Unknown command.
Press: ? - help, v - describe, . - travel
Here: a merfolk avatar The floor.
Unknown command.
The skyshark attacks as you move away! The skyshark barely misses you.
The skyshark misses you. The skyshark barely misses you.
The rime drake hisses angrily.
The merfolk avatar chants a haunting song.
You are mesmerised by the merfolk avatar!
You cannot move away from the merfolk avatar!
The skyshark attacks as you move away!
The skyshark bites you but does no damage.
The skyshark tail-slaps you but does no damage.
The skyshark barely misses you.
You are no longer entranced.
The skyshark closely misses you.
The skyshark tail-slaps you but does no damage.
The skyshark tail-slaps you!
As you read the scroll of teleportation, it crumbles to dust.
You feel strangely unstable. The skyshark bites you.
The skyshark barely misses you. The skyshark tail-slaps you!
* * * LOW HITPOINT WARNING * * *
The skyshark bites you but does no damage.
The skyshark tail-slaps you but does no damage.
The skyshark closely misses you. The wind drake flaps its wings at you.
The air twists around and strikes you!
* * * LOW HITPOINT WARNING * * *
The skyshark misses you. The skyshark tail-slaps you!
* * * LOW HITPOINT WARNING * * *
The skyshark tail-slaps you!
You die...

..........l....
.....(....#P^...~. #.
.......<........m##~~ .
...###......$....~.~~ ....
........[........~~~~ ....?
...!............~~~ .....
.......#....#...~# ~~ .....
....#..#..Pk#....##~~ P~~~~
.P.#
...P.#####P@P#....~~~~##~.##
...#..P##
#...l...#.~.~~~~.~~~ #.#.#
##.......~.##.~.~~~## .....
#P.......P~~#~~##~~##
#.#.#.#.
##.........~.....~..~
.......##
##.......).......~..
#.#.#.#.#
##..............[.D..
.......##
#P.............##..#.
#.#.#.#.
###...........####...


You could see a skyshark (berserk) and a wind drake (repels missiles).

Vanquished Creatures
  A hydra (Lair:5)
  Erolcha (D:9)
  A two-headed ogre (D:7)
  A boulder beetle (Lair:5)
  7 death yaks
  Urug (Lair:2)
  A skyshark (Lair:4)
  2 lindwurms
  9 elephants
  12 cane toads
  5 black mambas
  2 torpor snails
  5 komodo dragons
  Psyche (D:9)
  2 trolls
  Prince Ribbit (D:9)
  3 polar bears
  10 blink frogs
  7 dream sheep (Lair:4)
  A shadow (D:9)
  22 yaks
  4 wyverns
  4 basilisks
  Sigmund (D:4)
  A steam dragon (D:7)
  Menkaure (D:6)
  A swamp worm (Swamp:1)
  3 nagas (Lair:3)
  17 water moccasins
  Pargi (Sewer)
  3 orc warriors
  5 ice beasts
  2 sky beasts
  2 black bears
  14 wolves
  A centaur (D:8)
  2 gnoll sergeants
  9 scorpions
  24 bullfrogs
  7 wights
  4 killer bees (D:8)
  4 howler monkeys
  2 electric eels (D:9)
  A jelly (D:6)
  6 orc priests
  2 hounds (D:6)
  2 gnoll boudas
  3 iguanas
  Ijyb (D:3)
  2 sleepcaps (D:8)
  Crazy Yiuf (D:4)
  Jessica (D:3)
  12 orc wizards
  Robin (D:4)
  13 gnolls
  12 adders
  2 river rats
  A white imp (D:5)
  2 ufetubi (D:5)
  A worm (D:5)
  6 dart slugs
  33 orcs
  7 ball pythons
  15 bats
  6 endoplasms
  3 giant cockroaches
  16 goblins
  9 hobgoblins
  4 jackals
  7 kobolds
  4 quokkas
  2 frilled lizards (D:1)
  12 rats
394 creatures vanquished.

Vanquished Creatures (others)
  An orc wizard (D:7)
  A gnoll (D:9)
2 creatures vanquished.

Grand Total: 396 creatures vanquished

Notes
Turn   | Place    | Note
-------+----------+-------------------------------------------
     0 | D:1      | FallenXxXSky the Human Monk began the quest for the Orb.
     0 | D:1      | Reached XP level 1. HP: 18/18 MP: 1/1
    87 | D:1      | Reached XP level 2. HP: 20/24 MP: 2/2
   255 | D:1      | Reached skill level 4 in Long Blades
   255 | D:1      | Reached XP level 3. HP: 22/29 MP: 3/3
   551 | D:1      | Reached XP level 4. HP: 20/35 MP: 4/4
  1082 | D:2      | Reached skill level 5 in Long Blades
  1165 | D:2      | Found Link's Distillery.
  1317 | D:2      | Bought a potion of degeneration for 13 gold pieces
  1673 | D:3      | Reached XP level 5. HP: 41/41 MP: 5/5
  1721 | D:3      | Noticed Ijyb
  1752 | D:3      | Killed Ijyb
  2075 | D:3      | Identified the amulet "Hudocir" {Faith rF+ rN+ Stlth+}
  2157 | D:3      | Noticed Jessica
  2162 | D:3      | Killed Jessica
  2163 | D:3      | Reached skill level 1 in Armour
  2328 | D:3      | Reached XP level 6. HP: 47/47 MP: 6/6
  2654 | D:3      | Reached skill level 6 in Long Blades
  2855 | D:4      | Found a runed translucent door.
  2856 | D:4      | Noticed Crazy Yiuf
  2947 | D:4      | Reached XP level 7. HP: 51/53 MP: 7/7
  2995 | D:5      | Entered Level 5 of the Dungeon
  3044 | D:6      | Noticed Menkaure
  3162 | D:6      | Found a glowing drain.
  3306 | Sewer    | Entered a sewer
  3340 | Sewer    | Noticed Pargi
  3356 | Sewer    | Killed Pargi
  3424 | D:6      | Found a staircase to the Ecumenical Temple.
  3434 | Temple   | Entered the Ecumenical Temple
  3514 | Temple   | Became a worshipper of Warmaster Okawaru
  3514 | Temple   | Reached * piety under Okawaru
  3514 | Temple   | Reached ** piety under Okawaru
  3530 | D:6      | Reached XP level 8. HP: 61/61 MP: 8/8
  3600 | D:4      | Noticed Sigmund
  3606 | D:4      | Killed Sigmund
  3607 | D:4      | Reached skill level 7 in Long Blades
  3993 | D:4      | Noticed Robin
  4250 | D:3      | Reached skill level 1 in Invocations
  4353 | D:4      | Killed Robin
  4666 | D:4      | Killed Crazy Yiuf
  4851 | D:5      | Reached skill level 5 in Fighting
  4939 | D:5      | Identified the ring "Nygit" {rF+ MP+9 SInv}
  4959 | D:5      | Reached skill level 8 in Long Blades
  5016 | D:5      | Noticed a troll
  5035 | D:5      | Killed a troll
  5035 | D:5      | Reached *** piety under Okawaru
  5036 | D:5      | Reached XP level 9. HP: 43/68 MP: 9/11
  5724 | D:6      | Killed Menkaure
  5725 | D:6      | Reached skill level 9 in Long Blades
  5995 | D:6      | Reached **** piety under Okawaru
  6163 | D:6      | Reached skill level 10 in Long Blades
  6534 | D:7      | Found a white marble altar of Elyvilon.
  6634 | D:7      | Reached XP level 10. HP: 76/76 MP: 12/12
  6649 | D:7      | Reached skill level 11 in Long Blades
  7102 | D:7      | Found a basalt altar of Yredelemnul.
  7219 | D:8      | Noticed a two-headed ogre
  7227 | D:7      | Killed a two-headed ogre
  7227 | D:7      | Reached ***** piety under Okawaru
  7228 | D:7      | Reached skill level 12 in Long Blades
  7579 | D:8      | Reached skill level 5 in Invocations
  7886 | D:8      | Received a gift from Okawaru
  7887 | D:8      | Reached skill level 13 in Long Blades
  7946 | D:8      | Reached XP level 11. HP: 81/81 MP: 15/15
  8068 | D:8      | Found a staircase to the Lair.
  8567 | D:9      | Noticed Psyche
  8580 | D:9      | Killed Psyche
  8581 | D:9      | Reached skill level 5 in Dodging
  8868 | D:9      | Noticed Prince Ribbit
  8896 | D:9      | Killed Prince Ribbit
  9345 | D:9      | Noticed Erolcha
  9354 | D:9      | Killed Erolcha
  9749 | Lair:1   | Entered Level 1 of the Lair of Beasts
  9769 | D:8      | Received a gift from Okawaru
  9841 | Lair:1   | Noticed an elephant
  9841 | Lair:1   | Noticed an elephant
  9841 | Lair:1   | Noticed an elephant
  9843 | Lair:1   | Noticed an elephant
  9843 | Lair:1   | Noticed an elephant
  9867 | D:8      | Killed an elephant
  9870 | D:8      | Killed an elephant
 10115 | Lair:1   | Killed an elephant
 10127 | Lair:1   | Killed an elephant
 10134 | Lair:1   | Killed an elephant
 10135 | Lair:1   | Reached skill level 14 in Long Blades
 10135 | Lair:1   | Reached skill level 5 in Armour
 10140 | Lair:1   | Reached XP level 12. HP: 32/89 MP: 15/17
 11392 | Lair:2   | Reached ****** piety under Okawaru
 11402 | Lair:2   | Noticed Urug
 11608 | Lair:2   | Killed Urug
 11608 | Lair:2   | Identified the +0 buckler "Bemozueng" {Rampage rElec
                  | Stlth+} (Okawaru gifted it to you on level 2 of the Lair of
                  | Beasts)
 11608 | Lair:2   | Received a gift from Okawaru
 11987 | Lair:2   | Found a staircase to the Swamp.
 12540 | Swamp:1  | Entered Level 1 of the Swamp
 13220 | Lair:3   | Reached skill level 15 in Long Blades
 13371 | Lair:3   | Reached XP level 13. HP: 61/98 MP: 19/19
 13732 | Lair:3   | Found a staircase to the Snake Pit.
 14081 | Lair:4   | Identified the +3 buckler of Kexaque {Will+ Int+2} (Okawaru
                  | gifted it to you on level 4 of the Lair of Beasts)
 14081 | Lair:4   | Received a gift from Okawaru
 14648 | Lair:4   | Found a staircase to the Slime Pits.
 14648 | Lair:4   | Found a viscous altar of Jiyva.
 15416 | Lair:4   | Reached skill level 16 in Long Blades
 15469 | Lair:4   | Noticed Sonja
 15471 | Lair:4   | Sonja changed into Sonja the blink frog
 15471 | Lair:4   | Noticed Sonja
 15474 | Lair:4   | Killed Sonja the blink frog
 15562 | Lair:5   | Entered Level 5 of the Lair of Beasts
 15625 | Lair:5   | Received a gift from Okawaru
 15636 | Lair:5   | Reached XP level 14. HP: 91/108 MP: 21/21
 15756 | Lair:5   | Reached skill level 10 in Invocations
 16334 | Lair:4   | Identified the +8 triple sword "Ipiqa" {holy, rPois rF-
                  | Str+5 Int+3} (Okawaru gifted it to you on level 4 of the
                  | Lair of Beasts)
 16334 | Lair:4   | Received a gift from Okawaru
 16494 | Lair:5   | Slain by a skyshark

Illustrated notes

Levels and vault maps discovered:
D:1:      onia_arrival_mini_maze, layout_rooms
D:2:      layout_basic, serial_shops, shop
D:3:      layout_loops_corners, corexii_hall_statues_s, glass_columns_b,
          uniq_ijyb, uniq_jessica
D:4:      layout_basic, serial_glass, glass_columns_a, glass_columns_c,
          minmay_cupped, uniq_sigmund, uniq_crazy_yiuf_cottage, uniq_robin
D:5:      layout_loops_ring
D:6:      layout_cave_pools, temple_statues, portal_sewer_entry_b, uniq_menkaure
D:7:      layout_basic, kennysheep_ying_yang,
          minmay_a_box_with_orc_wizards_in_it
D:8:      layout_loops_ring, grunt_lair_entry_orc_guard_hut, minivault_19,
          minmay_between
D:9:      layout_loops_ring, kennysheep_cross_bottleneck, uniq_psyche,
          uniq_erolcha, uniq_prince_ribbit1
Temple:   nicolae_temple_bog_church
Lair:1:   layout_chaotic_city, beast_lair_carwin_8, grunt_megastairs_3
Lair:2:   layout_long_grid, swamp_mist, beast_lair_carwin_4, uniq_urug
Lair:3:   layout_chaotic_city, nicolae_snake_entry_squirm, serial_bayou_shore_a
Lair:4:   nzn_winding_woodlands_cross [nzn_winding_woodlands_5x15_sawtooth,
          nzn_winding_woodlands_5x15_pathside_ponds,
          nzn_winding_woodlands_5x15_river_crossing,
          nzn_winding_woodlands_5x15_parted,
          nzn_winding_woodlands_15x15_five_gardens], layout_long_grid,
          slime_entry_1, gauntlet_entry_generic, uniq_sonja
Lair:5:   gammafunk_lair_ancient_temple, layout_gridlike,
          nicolae_quartered_pool_medium, st_stairs_11, nzn_sisyphean_effort
Swamp:1:  layout_basic_swamp, infiniplex_staircase_pool, uniq_josephine,
          uniq_louise

Skill      XL: |  1  2  3  4  5  6  7  8  9 10 11 12 13 14 |
---------------+-------------------------------------------+-----
Long Blades    | 4 5 6 8 10 13 14 15 16 | 16.1
Armour         | 1 2 3 5 6 7 8 |  8.3
Fighting       | 4 5 6 7 9 |  9.5
Dodging        | 4 6 7 8 |  8.9
Invocations    | 3 6 7 8 9 10 | 10.3

Action                     |  1- 3 |  4- 6 |  7- 9 | 10-12 | 13-15 || total
---------------------------+-------+-------+-------+-------+-------++-------
  Melee: Falchion          |    71 |   178 |   333 |    59 |       ||   641
         Great sword       |       |       |   105 |   427 |   364 ||   896
         Unarmed           |       |       |       |    13 |       ||    13
 Invoke: Heroism           |       |       |       |     5 |     3 ||     8
         Finesse           |       |       |       |       |     1 ||     1
  Evoke: Wand              |       |       |       |       |     2 ||     2
    Use: Scroll            |     2 |     3 |     9 |     4 |     4 ||    22
         Potion            |       |     2 |       |     2 |       ||     4
   Stab: Sleeping          |       |       |       |     2 |       ||     2
 Armour: Robe              |    20 |       |       |       |       ||    20
         Ring mail         |    15 |     7 |       |       |       ||    22
         Chain mail        |       |    38 |       |       |       ||    38
         Scale mail        |       |    71 |   321 |   336 |   172 ||   900
         Skin              |       |     3 |       |    21 |       ||    24
  Dodge: Dodged            |    63 |    90 |   304 |   338 |   289 ||  1084
